 Dungeon Sprint DCSS version 0.26-a0-1012-gedcf9b2963 (webtiles) character file.

Game seed: 1933558746487311431

92 Conn the Firebug (level 4, -2/27 HPs)
             Began as an Octopode Fire Elementalist on Dec 7, 2020.
             Slain by an ufetubus (5 damage)
             ... summoned by a neqoxec
             ... in the Dungeon (Sprint II: "The Violet Keep of Menkaure").
             The game lasted 00:02:41 (162 turns).

Conn the Firebug (Octopode Fire Elementalist)        Turns: 162, Time: 00:02:42

Health: -2/27      AC:  1    Str:  3      XL:     4   Next: 60%
Magic:  0/8        EV: 14    Int: 15 (18) God:
Gold:   243        SH:  0    Dex: 11 (12) Spells: 2/9 levels left

rFire    . . .     SeeInvis .     - Unarmed
rCold    . . .     Faith    .   (no shield)
rNeg     . . .     Spirit   .   (helmet restricted)
rPois    .         Reflect  .   (no amulet)
rElec    .         Harm     .   (no ring)
rCorr    .         Rampage  .   (no ring)
Will     .....     NoTele   +   (no ring)
Stlth    ++++......             (no ring)
HPRegen  0.09/turn              (no ring)
MPRegen  0.11/turn              (no ring)
                                (no ring)
                                (no ring)

@: no status effects
A: almost no armour, stealthy swim, amphibious, 8 rings, constrict 8, camouflage
1, blurry vision 1, weak 2, gelatinous body 1, subdued magic 1
a: no special abilities


You were in the Dungeon.
You visited 1 branch You collected 243 gold pieces.

Inventory:

Scrolls
 g - a scroll of blinking
Potions
 e - 2 potions of magic


   Skills:
 + Level 3.0 Dodging
 - Level 2.6 Stealth
 + Level 1.0 Unarmed Combat
 + Level 3.3 Spellcasting
 * Level 3.3 Conjurations
 * Level 7.5 Fire Magic


You had 2 spell levels left.
You knew the following spells:

 Your Spells              Type           Power        Failure   Level
a - Foxfire               Conj/Fire      ##..         1%          1
b - Conjure Flame         Conj/Fire      ##......     4%          3
c - Inner Flame           Hex/Fire       ##......     10%         3

Your spell library contained the following spells:

 Spells                   Type           Power        Failure   Level
 Sticky Flame             Conj/Fire      ##......     17%         4
 Fireball                 Conj/Fire      ##........   45%         5


Dungeon Overview and Level Annotations

Branches:
Dungeon (1/1)

Altars:


Innate Abilities, Weirdness & Mutations

You cannot wear most types of armour.
You are very stealthy in the water. (Stealth+)
You are amphibious.
You can wear up to eight rings at the same time.
You can use your tentacles to constrict eight enemies at once.
Your skin changes colour to match your surroundings (Stealth+).
Your rubbery body absorbs attacks. (AC +1, EV +1)
Scrolls take you a little longer to read.
You are very weak. (Str -4)
Your spells are a little easier to cast, but a little less powerful.


Message History

The neqoxec completely misses you.
A flying skull comes into view.
Unknown command.
Unknown command.
There's a creature in the gateway!
Really read with blurry vision while enemies are nearby?
You constrict the neqoxec, but do no damage.
The ufetubus splashes around in the water. x2
You begin reading the scroll.
You continue reading the scroll.
You constrict the neqoxec. The flying skull closely misses you.
The flying skull hits you!
* * * LOW HITPOINT WARNING * * *
The flying skull misses you. The quasit bites you.
* * * LOW HITPOINT WARNING * * *
The quasit claws you.
* * * LOW HITPOINT WARNING * * *
The quasit claws you.
* * * LOW HITPOINT WARNING * * *
The ufetubus barely misses you. The ufetubus hits you.
You die...

####.##55# .+
#$+.<.'3#
.#≈#.w.##.##5#
##≈##w ##†##
3# ≈≈# ##3#.##
# ≈≈≈#.3#5.#
#≈###.### ≈
#≈5##3##≈≈≈≈
#5@335≈≈≈§≈≈
#zzz#+++#≈≈§


#.zzzzz° ≈○zz°z°○○# °○°○°°≈○≈○≈+ ##°○°○°≈≈z≈## ##○○§°°°.## ####+#### You could
see 3 neqoxecs, 12 flying skulls, 2 quasits and an ufetubus (summoned).

Vanquished Creatures
  4 worker ants (D)
4 creatures vanquished.

Vanquished Creatures (others)
  A water moccasin (D)
  7 foxfires (D)
8 creatures vanquished.

Grand Total: 12 creatures vanquished

Notes
Turn   | Place    | Note
-------+----------+-------------------------------------------
     0 | D        | Conn the Octopode Fire Elementalist began the quest for the
                  | Orb.
     0 | D        | Reached XP level 1. HP: 11/11 MP: 3/3
     5 | D        | Noticed a worker ant
     5 | D        | Noticed a worker ant
     5 | D        | Noticed a worker ant
     5 | D        | Noticed a worker ant
    17 | D        | Killed a worker ant
    18 | D        | Reached skill level 5 in Fire Magic
    18 | D        | Reached XP level 2. HP: 17/17 MP: 0/5
    18 | D        | Reached XP level 3. HP: 21/21 MP: 0/6
    22 | D        | Reached skill level 6 in Fire Magic
    26 | D        | Reached skill level 7 in Fire Magic
    26 | D        | Reached XP level 4. HP: 19/27 MP: 1/8
    26 | D        | Killed a water moccasin
    38 | D        | Reached skill level 1 in Unarmed Combat
    55 | D        | HP: 1/27 [poisoned by a worker ant]
   139 | D        | Learned a level 3 spell: Conjure Flame
   143 | D        | Learned a level 3 spell: Inner Flame
   144 | D        | Noticed a neqoxec
   144 | D        | Noticed a neqoxec
   144 | D        | Noticed a neqoxec
   144 | D        | Noticed a neqoxec
   145 | D        | Gained mutation: You are weak. (Str -2) [a neqoxec]
   152 | D        | Noticed a flying skull
   152 | D        | Noticed a flying skull
   152 | D        | Gained mutation: Scrolls take you a little longer to read.
                  | [a neqoxec]
   152 | D        | Gained mutation: Your spells are a little easier to cast,
                  | but a little less powerful. [a neqoxec]
   153 | D        | Noticed a flying skull
   153 | D        | Noticed a flying skull
   153 | D        | Noticed a flying skull
   153 | D        | Noticed a flying skull
   153 | D        | Noticed a flying skull
   153 | D        | Noticed a flying skull
   154 | D        | Noticed a flying skull
   154 | D        | Gained mutation: You are very weak. (Str -4) [a neqoxec]
   155 | D        | Noticed a flying skull
   155 | D        | Noticed a flying skull
   161 | D        | Noticed a flying skull
   162 | D        | Slain by an ufetubus

Illustrated notes

Levels and vault maps discovered:
D:        the_violet_keep_of_menkaure [sprint2_stairs_cluster_1,
          sprint2_shoproom, sprint2_temple, sprint2_basic_supplies,
          sprint2_obstacle_1, sprint2_obstacle_3, sprint2_obstacle_6,
          sprint2_obstacle_2, sprint2_obstacle_4, sprint2_timed_cluster_1,
          sprint2_smallroom_cluster_1, sprint2_smallroom_final_cluster_1,
          sprint2_transparent_cluster_1, sprint2_second_timed_cluster_1,
          sprint2_sniper_area_1, sprint2_heavy_combat_area_1,
          sprint2_mutation_trap_area_1, sprint2_forest_area_1,
          sprint2_light_combat_area_1, sprint2_behind_water_1,
          sprint2_near_end_vault_1]

Skill      XL: |  1  2  3  4 |
---------------+-------------+-----
Conjurations   | 2 3 |  3.3
Fire Magic     | 5 7 |  7.5
Spellcasting   | 3 |  3.3
Dodging        | 3 |  3.0
Unarmed Combat | 1 |  1.0
Stealth        | |  2.6

Action                   |  1- 3 |  4- 6 || total
-------------------------+-------+-------++-------
Melee: Unarmed           |    11 |    10 ||    21
       Constrict         |     3 |     3 ||     6
       Tentacles         |     2 |     2 ||     4
 Cast: Foxfire           |     3 |     1 ||     4
       Conjure Flame     |       |     3 ||     3
  Use: Potion            |     2 |     2 ||     4
Armor: Skin              |       |     1 ||     1
Dodge: Dodged            |     5 |    16 ||    21

Table legend: (Time is in decaauts)
 A = Elapsed time spent in this place.
 B = Non-inter-level travel time spent in this place.
 C = Inter-level travel time spent in this place.
 D = Time resting spent in this place.
 E = Time spent auto-exploring this place.
 F = Levels seen in this place.
 G = Mean time per level.
                   A        B        C        D        E       F      G
               +--------+--------+--------+--------+--------+-----+--------+
         Total |    154 |    154 |      0 |     69 |      0 |   1 |  154.0 |
       Dungeon |    154 |    154 |      0 |     69 |      0 |   1 |  154.0 |
               +--------+--------+--------+--------+--------+-----+--------+

Top non-repeatable levels by time:
       D: 154 daAuts
